 Dungeon Crawl Stone Soup version 0.29-a0-542-g075992c915 (webtiles) character file.

Game seed: 1517599857172353611

132 ytrimaz the Sneak (level 4, -2/21 HPs)
             Began as a Felid Chaos Knight on June 5, 2022.
             Was a Plaything of Xom.
             Slain by a spriggan (shapeshifter) (12 damage)
             ... on level 4 of the Dungeon.
             The game lasted 00:07:08 (4920 turns).

ytrimaz the Sneak (Felid Chaos Knight)              Turns: 4920, Time: 00:07:09

Health: -2/21      AC:  1    Str: 14      XL:     4   Next: 92%
Magic:  5/5        EV: 19    Int: 16 (17) God:    Xom [......]
Gold:   127        SH:  0    Dex: 16      Spells: 3/3 levels left
                                        Lives:  0   Deaths: 1

rFire   . . .      SeeInvis +     - Unarmed
rCold   . . .      Faith    .   (shield unavailable)
rNeg    . . .      Spirit   .   (body armour unavailable)
rPois   .          Reflect  .   (helmet unavailable)
rElec   .          Harm     .   (cloak unavailable)
rCorr   .          Rampage  .   (gloves unavailable)
Will    .....                   (boots unavailable)
Stlth   +++.......              (no amulet)
HPRegen 0.07/turn               f - +6 ring of strength
MPRegen 0.09/turn               (no ring)

@: quick
A: very small, claws 1, fangs 3, see invisible, speed 1, shaggy fur 1, stealthy
paws, no weapons or thrown items, no armour, multi-lived, clever 1
a: Renounce Religion


You were on level 4 of the Dungeon.
You worshipped Xom.
You were a very special plaything of Xom.
You visited 1 branch of the dungeon, and saw 4 of its levels.

You collected 127 gold pieces.

Inventory:

Jewellery
 f - a +6 ring of strength (left paw)
Wands
 h - a wand of iceblast (7)
Scrolls
 b - a scroll of teleportation
 d - 3 scrolls of noise
 i - a scroll of silence
 k - a scroll of fog
 n - a scroll of brand weapon {unknown}
Potions
 c - 2 potions of degeneration {unknown}
 e - 3 potions of curing
 g - a potion of lignification {unknown}
 j - a potion of mutation {unknown}
 m - a potion of flight
Miscellaneous
 a - a piece from Xom's chessboard (3/15) (quivered)


   Skills:
 - Level 3.0 Fighting
 + Level 5.5 Dodging
 * Level 6.7 Stealth
 - Level 3.0 Unarmed Combat


You had 3 spell levels left.
You didn't know any spells.
Your spell library contained the following spells:

 Spells                   Type           Power      Damage    Failure   Level
 Ensorcelled Hibernation  Hex/Ice        0%         N/A       36%         2
 Spider Form              Tmut/Pois      0%         N/A       58%         3
 Anguish                  Hex/Necr       0%         N/A       94%         4


Dungeon Overview and Level Annotations

Branches:
Dungeon (4/15)
 Temple: D:4-7

Altars:

Shops:
D:4 (


Innate Abilities, Weirdness & Mutations

You have sharp claws.
You have razor-sharp teeth.
You have supernaturally acute eyesight. (SInv)
You cover ground quickly. (Speed+)
You are covered in fur. (AC +1)
Your paws help you pounce on unaware monsters.
You are incapable of wielding weapons or throwing items.
You cannot wear armour.
You gain extra lives every three experience levels.
Your mind is acute. (Int +2)


Message History

The spriggan misses you. The spriggan attacks as you move away!
The spriggan barely misses you.
The spriggan hits you but does no damage. "Serve the toy, my child!"
You are now a toy of Xom.
Xom's power touches on your mind for a moment.
The necrophage looks rather confused.
The goblin looks rather confused.
The spriggan looks rather confused.
The phantom looks rather confused.
The goblin hits the necrophage but does no damage.
Your ufetubus completely misses the spriggan.
Your ufetubus hits the spriggan but does no damage.
The necrophage seems less confused.
Your ufetubus hits the spriggan.
Your ufetubus barely misses the spriggan.
The spriggan seems less confused.
The spriggan hits your ufetubus.
Your ufetubus hits the spriggan. x2
Your ufetubus closely misses the spriggan. x2
Something hits your ufetubus!
Your ufetubus dies!
Your ufetubus disappears in a puff of smoke!
Xom grants you some temporary aid.
You are now a very special plaything of Xom.
You swap places.
The necrophage closely misses your shadow imp.
The phantom misses your quasit.
Your quasit misses the goblin.
Your quasit claws the goblin. x2; Your shadow imp hits the necrophage.
The phantom misses your quasit. The necrophage hits your shadow imp!
Your quasit completely misses the spriggan.
Your quasit claws the spriggan. x2
Your shadow imp hits the phantom.
The endoplasm completely misses you.
Something closely misses your shadow imp.
Your crimson imp blinks!
The spriggan attacks as you move away! The spriggan barely misses you.
Your iron imp hits the endoplasm.
The endoplasm dies!
The spriggan completely misses you.
Your iron imp hits the goblin.
The goblin dies!
The spriggan hits you!
Ouch! That really hurt!
You die...

^...##..n5....##......... .#
..i§.i.g##.W5.5.......... #.
....##...#..####W......... ...#
.....W........5.5.g....... ..###
....#g.......##)#5........ ..#..
....#........##.............#....
....#......................##....
....####.#.##.5i..........##.....
....# ...###..@.........#......
....# .###..................)..
....# .# #.##.............#....
....# .##..##............##....
....## #.............########....
#[#..##.........###### ##..<
#............##.# ##..
.>.........# #.# #### #.#
##........##. ... ..#...#####g#


You could see a spriggan (ally target), a hobgoblin, a friendly quasit
(summoned), a friendly crimson imp (summoned) and a friendly shadow imp
(summoned).

Vanquished Creatures
  A jelly (D:4)
  Ijyb (D:4)
  Jessica (D:3)
  Natasha (thrice) (D:3)
  Robin (D:4)
  3 adders
  2 orcs
  6 endoplasms
  2 giant cockroaches
  9 goblins
  7 hobgoblins (D:4)
  2 jackals (D:1)
  4 kobolds
  5 quokkas
  2 ball pythons (D:3)
  4 bats
  4 frilled lizards
  A rat (D:1)
58 creatures vanquished.

Vanquished Creatures (collateral kills)
  An endoplasm (D:4)
  A goblin (D:4)
2 creatures vanquished.

Grand Total: 60 creatures vanquished

Notes
Turn   | Place    | Note
-------+----------+-------------------------------------------
     0 | D:1      | ytrimaz the Felid Chaos Knight began the quest for the Orb.
     0 | D:1      | Reached XP level 1. HP: 10/10 MP: 2/2
   191 | D:1      | Reached skill level 1 in Stealth
   382 | D:1      | XOM: divination: magic mapping
   474 | D:1      | Reached XP level 2. HP: 14/14 MP: 3/3
   625 | D:1      | Found a faded altar of an unknown god.
  1035 | D:2      | XOM: silly message
  1085 | D:2      | Reached skill level 2 in Stealth
  1764 | D:3      | Reached XP level 3. HP: 17/17 MP: 4/4
  2086 | D:3      | Reached skill level 3 in Stealth
  2111 | D:3      | XOM: divination: detect items
  2167 | D:3      | Noticed Natasha
  2428 | D:3      | XOM is BORED!
  2462 | D:3      | XOM: noise
  2497 | D:3      | Killed Natasha
  2528 | D:3      | Noticed Natasha
  2542 | D:3      | XOM: confuse monster(s)
  2576 | D:3      | Killed Natasha
  2577 | D:3      | Reached skill level 4 in Stealth
  2577 | D:3      | Reached XP level 4. HP: 3/21 MP: 5/5
  2898 | D:3      | Noticed Natasha
  2898 | D:3      | XOM: 5-stop teleportation journey
  2899 | D:3      | Killed Natasha
  2926 | D:3      | Noticed Jessica
  2933 | D:3      | Killed Jessica
  2934 | D:3      | Reached skill level 5 in Dodging
  2934 | D:3      | Reached skill level 5 in Stealth
  2934 | D:3      | Reached XP level 5. HP: 24/24 MP: 6/6
  3597 | D:4      | XOM: give mutation
  3597 | D:4      | Gained mutation: Your mind is acute. (Int +2) [Xom's
                  | mischief]
  3633 | D:4      | Noticed Robin
  3735 | D:4      | XOM: confuse monster(s)
  3767 | D:4      | Found Heqisuot's Antique Weapon Boutique.
  3767 | D:4      | XOM: 1-stop teleportation journey
  3923 | D:4      | Killed Robin
  3924 | D:4      | Reached skill level 6 in Stealth
  4207 | D:4      | XOM: noise
  4297 | D:4      | Noticed Ijyb
  4297 | D:4      | XOM: 1-stop teleportation journey
  4305 | D:4      | Killed Ijyb
  4319 | D:4      | Noticed a sky beast
  4321 | D:4      | XOM: 8-stop teleportation journey
  4549 | D:4      | XOM: confusion
  4567 | D:4      | XOM: noise
  4590 | D:4      | Noticed a shapeshifter
  4590 | D:4      | an iguana changed into a shapeshifter
  4590 | D:4      | XOM: polymorph iguana -> shapeshifter
  4590 | D:4      | Noticed a yaktaur
  4590 | D:4      | a shapeshifter changed into a yaktaur
  4599 | D:4      | XOM: summons friendly white imp
  4855 | D:4      | Slain by a necrophage
  4856 | D:4      | Reached XP level 4. HP: 0/18 MP: 5/5
  4872 | D:4      | XOM: confusion
  4873 | D:4      | XOM: stat loss: -1 Int (16/17)
  4878 | D:4      | Noticed a swamp dragon
  4878 | D:4      | a yaktaur changed into a swamp dragon
  4879 | D:4      | XOM: summons friendly shadow imp
  4889 | D:4      | Noticed a spriggan
  4889 | D:4      | Noticed a phantom
  4898 | D:4      | XOM: summons friendly ufetubus
  4899 | D:4      | XOM: confuse monster(s)
  4905 | D:4      | XOM: summons 4 friendly demons
  4920 | D:4      | Slain by a spriggan (shapeshifter)

Illustrated notes

Levels and vault maps discovered:
D:1:      sevenhm_arrival_forest_fort_small_4, layout_basic,
          shapermc_ecumenical_altar_pompeii
D:2:      layout_rooms, kennysheep_crisscross, dreamdust_mushroom_princess
D:3:      layout_loops_ring, minmay_misc_feat_more_columns, minmay_circle_x,
          uniq_jessica, uniq_natasha
D:4:      layout_rooms, serial_shops, nicolae_lakefront_shop, uniq_robin,
          uniq_ijyb

Skill      XL: |  1  2  3  4  5 |
---------------+----------------+-----
Stealth        | 1 2 4 5 6 |  6.7
Dodging        | 4 5 |  5.5
Fighting       | |  3.0
Unarmed Combat | |  3.0

Action                   |  1- 3 |  4- 6 || total
-------------------------+-------+-------++-------
Melee: Unarmed           |    82 |    57 ||   139
       Bite              |     7 |     5 ||    12
       Punch             |     2 |     1 ||     3
Evoke: Piece from Xom's  |     9 |    11 ||    20
       Wand              |       |    10 ||    10
  Use: Scroll            |     9 |     3 ||    12
       Potion            |     1 |     1 ||     2
 Stab: Sleeping          |     3 |     4 ||     7
       Petrified         |     2 |       ||     2
       Paralysed         |     1 |       ||     1
Armor: Skin              |     5 |     2 ||     7
Dodge: Dodged            |    60 |    45 ||   105

Table legend: (Time is in decaauts)
 A = Elapsed time spent in this place.
 B = Non-inter-level travel time spent in this place.
 C = Inter-level travel time spent in this place.
 D = Time resting spent in this place.
 E = Time spent auto-exploring this place.
 F = Levels seen in this place.
 G = Mean time per level.
                   A        B        C        D        E       F      G
               +--------+--------+--------+--------+--------+-----+--------+
         Total |   4468 |   4402 |     66 |   1593 |   2120 |   4 | 1117.0 |
       Dungeon |   4468 |   4402 |     66 |   1593 |   2120 |   4 | 1117.0 |
               +--------+--------+--------+--------+--------+-----+--------+

Top non-repeatable levels by time:
     D:3: 1694 daAuts
     D:4: 1053 daAuts
     D:1: 889 daAuts
     D:2: 831 daAuts
